 Dungeon Crawl Stone Soup version 0.18-a0-1041-gbe91bf5 (webtiles) character file.

58 tof the Skirmisher (level 3, 1/29 HPs)
             Began as a Demonspawn Abyssal Knight on Jan 10, 2016.
             Was a Believer of Lugonu.
             Quit the game on level 1 of the Dungeon.
             The game lasted 00:04:59 (1558 turns).

tof the Skirmisher (Demonspawn Abyssal Knight)      Turns: 1558, Time: 00:05:00

Health: 1/29       AC:  5    Str: 12    XL:     3   Next: 75%
Magic:  5/5        EV: 10    Int: 13    God:    Lugonu [**....]
Gold:   44         SH:  0    Dex: 13    Spells: 0 memorised, 2 levels left

rFire  . . .     SeeInvis .     a - +1 mace
rCold  . . .     Gourm    .     h - +0 ring mail
rNeg   . . .     Faith    .     (no shield)
rPois  .         Spirit   .     (helmet restricted)
rElec  .         Dismiss  .     (no cloak)
rCorr  .         Reflect  .     (no gloves)
SustAt .         Harm     .     (no boots)
MR     .....                    (no amulet)
Stlth  +.........               (no ring)
                                (no ring)

@: lethally poisoned (1 -> -1), not resistant to hostile enchantments, very
unstealthy
A: horns 1
a: Depart the Abyss, Bend Space, Renounce Religion


You were on level 1 of the Dungeon.
You worshipped Lugonu.
Lugonu was pleased with you.
You were not hungry.

You visited 1 branch of the dungeon, and saw 2 of its levels.
You visited the Abyss 1 time.

You collected 44 gold pieces.

Inventory:

Hand Weapons
 a - a +1 mace (weapon)
 b - a +1 hunting sling of flaming
Missiles
 d - 151 stones (quivered)
 i - 6 javelins of penetration
Armour
 e - a +0 leather armour
 h - a +0 ring mail (worn)
Jewellery
 j - an uncursed ring of see invisible {unknown}
Comestibles
 c - a bread ration
 k - a slice of pizza


   Skills:
 + Level 3.6 Fighting
 * Level 2.0 Maces & Flails
 * Level 0.6 Slings
 + Level 2.0 Armour
 + Level 1.6 Dodging
 + Level 0.2 Stealth
 + Level 3.1 Invocations


You had 2 spell levels left.
You didn't know any spells.

Dungeon Overview and Level Annotations

Branches:
Dungeon (2/15)

Altars:


Innate Abilities, Weirdness & Mutations

You have a pair of small horns on your head.


Message History

As you read the scroll labeled NETUULEG ZEADU, it crumbles to dust.
You feel as if something is helping you.
It was a scroll of remove curse.
You feel sick.
The giant cockroach bites you but does no damage.
The adder bites you but does no damage. The rat bites you.
* * * LOW HITPOINT WARNING * * *
The rat bites you but does no damage. The giant cockroach bites you.
* * * LOW HITPOINT WARNING * * *
The adder barely misses you.
* * * LOW HITPOINT WARNING * * *
You feel sick.
Unknown command.
You aren't carrying any spellbooks or scrolls.
You aren't carrying any potions.
The adder bites you.
* * * LOW HITPOINT WARNING * * *
* * * LOW HITPOINT WARNING * * *
You feel sick.
Unknown command.
Are you sure you want to abandon this character and quit the game? (Confirm with "yes".)

#..........####
#.####........#
#.#...........#
#.####........############
#.#####...................
#.##........#######.......
#.##).........#####....###
#.##.....##.#......###....
#........@#.#..##.......##
#####....S#.#..#....[...##
########....r#.#.....#.#.#.##
#..†........s#....##..[#.#.##
#............#...............
#..........#.#.#.#.#.#.#.#.#.
#..........#.#...#...#.#.....
#..........#..>..............
#..........#.............#...


You could see an adder, a giant cockroach and a rat.

Vanquished Creatures
  An adder (D:1)
  2 oozes (D:1)
  A giant gecko (D:1)
  A giant cockroach (D:1)
  4 goblins (D:1)
  6 hobgoblins (D:1)
  4 jackals (D:1)
  6 kobolds (D:1)
  A ball python (D:1)
  5 bats (D:1)
  4 giant newts
  4 rats (D:1)
39 creatures vanquished.

Notes
Turn   | Place    | Note
--------------------------------------------------------------
     0 | Abyss:1  | tof the Demonspawn Abyssal Knight began the quest for the Orb.
     0 | Abyss:1  | Reached XP level 1. HP: 18/18 MP: 2/2
     0 | D:1      | Escaped the Abyss
   267 | D:1      | Reached * piety under Lugonu
   267 | D:1      | Gained mutation: You have a pair of small horns on your head. [demonic ancestry]
   267 | D:1      | Reached XP level 2. HP: 9/24 MP: 4/4
   656 | D:1      | Reached skill level 1 in Dodging
   941 | D:1      | Reached XP level 3. HP: 25/29 MP: 5/5
  1114 | D:1      | Reached ** piety under Lugonu
  1556 | D:1      | HP: 1/29 [poisoned by an adder]
  1558 | D:1      | Quit the game

Vault maps used:
D:1:      dpeg_arrival_morbid_curiosity
D:2:      first_bread

Action                   || total
-------------------------++-------
Melee: Mace              ||   112
 Fire: Hunting sling     ||    14
Invok: Depart the Abyss  ||     1
  Use: Potion            ||     2
       Scroll            ||     1
  Eat: Chunk             ||     2
